 Dungeon Crawl Stone Soup version 0.30-a0-739-gea05faddec (webtiles) character file.

Game seed: 15460399363954141590

130 zdcfc the Trooper (level 5, 0/57 HPs)
             Began as an Ogre Cinder Acolyte on Feb 4, 2023.
             Was a High Priest of Ignis.
             Succumbed to an adder's poison
             ... on level 3 of the Dungeon.
             The game lasted 00:09:30 (1486 turns).

zdcfc the Trooper (Ogre Cinder Acolyte)             Turns: 1486, Time: 00:09:30

Health: 0/57       AC:  3    Str: 18    XL:     5   Next: 14%
Magic:  6/6        EV:  9    Int: 15    God:    Ignis [*****.]
Gold:   87         SH:  0    Dex:  6    Spells: 6/6 levels left

rFire   + . .      SeeInvis .    a - -1 spear (flame)
rCold   . . .      Faith    .    (no shield)
rNeg    . . .      Spirit   .    b - +0 robe
rPois   .          Reflect  .    (helmet restricted)
rElec   .          Harm     .    (no cloak)
rCorr   .          Rampage  .    (gloves unavailable)
Will    .....                    (boots unavailable)
Stlth   +                        (no amulet)
HPRegen 0.29/turn                (no ring)
MPRegen 0.10/turn                (no ring)

@: brilliant, lethally poisoned (0 -> -2), flying
A: large, unfitting armour, tough skin 1
a: Renounce Religion, Fiery Armour, Foxfire Swarm, Rising Flame


You were on level 3 of the Dungeon.
You worshipped Ignis.
Ignis was extremely pleased with you.
You visited 1 branch of the dungeon, and saw 3 of its levels.

You collected 87 gold pieces.

Inventory:

Hand Weapons
 a - a -1 spear of flaming (weapon)
Armour
 b - a +0 robe (worn)
 c - a +2 pair of boots
 f - a +0 plate armour
Jewellery
 m - a ring of resist corrosion
Scrolls
 d - a scroll of blinking
 e - 3 scrolls of identify {unknown}
 g - a scroll of torment {unknown}
 i - 3 scrolls of teleportation {unknown}
 k - a scroll of silence {unknown}
 l - a scroll of enchant weapon {unknown}


   Skills:
 + Level 5.4 Fighting
 + Level 3.8 Polearms
 + Level 1.8 Dodging
 + Level 0.2 Stealth
 + Level 1.2 Spellcasting
 + Level 3.1 Fire Magic


You had 6 spell levels left.
You didn't know any spells.
Your spell library contained the following spells:

 Spells                   Type           Power      Damage    Failure   Level
 Scorch                   Fire           30%        2d7       10%         2
 Slow                     Hex            4%         N/A       24%         1
 Confusing Touch          Hex            1%         N/A       58%         3
 Vampiric Draining        Necr           1%         2d6       58%         3


Dungeon Overview and Level Annotations

Branches:
Dungeon (3/15)

Altars:

Shops:
D:2 ?

Annotations:
D:1 1 transporter


Innate Abilities, Weirdness & Mutations

You are too large for most types of armour.
You have tough skin. (AC +1)


Message History

The adder attacks as you move away! The adder bites you.
* * * LOW HITPOINT WARNING * * *
You see here 3 silver javelins.
The adder misses you. The adder attacks as you move away! The adder bites you.
* * * LOW HITPOINT WARNING * * *
You barely miss the adder. The adder bites you but does no damage.
You hit the adder. You burn the adder.
The adder is heavily wounded.
The adder bites you.
* * * LOW HITPOINT WARNING * * *
You closely miss the adder.
The adder is heavily wounded.
The adder bites you.
* * * LOW HITPOINT WARNING * * *
The adder barely misses you.
You hit the adder. You burn the adder.
The adder is severely wounded.
The adder bites you.
* * * LOW HITPOINT WARNING * * *
You closely miss the adder.
The adder is severely wounded.
The adder bites you.
* * * LOW HITPOINT WARNING * * *
You are lethally poisoned!
The adder poisons you!
You hit the adder. You burn the adder.
The adder is almost dead.
* * * LOW HITPOINT WARNING * * *
You feel sick. The adder closely misses you.
You hit the adder. You burn the adder.
You kill the adder!
* * * LOW HITPOINT WARNING * * *
You feel sick.
Blink to where?
Press: ? - help, Dir - move target
Okay, then.
As you read the scroll labelled SUTAARR FIEMM, it crumbles to dust.
It was a scroll of blinking.
You die...

#.#### .# #....# .#
+....# .#
#######....###.#
....?..........+
..............#
..............##########
.......@.(..............
...........:..#.?.......
########......#.........
##......#.S.......
......###.†.......
.......###.........
#..........##.####..
#..........# .# .
.......<.# ..


There were no monsters in sight!

Vanquished Creatures
  A scorpion (D:3)
  2 adders
  A worm (D:2)
  A dart slug (D:1)
  5 bats
  A bat zombie (D:2)
  4 endoplasms
  2 giant cockroaches
  5 goblins (D:1)
  4 hobgoblins
  3 jackals (D:2)
  3 quokkas
  6 ball pythons
  2 ball python skeletons (D:2)
  A ball python zombie (D:2)
  A frilled lizard (D:1)
  A kobold (D:2)
  A quokka zombie (D:2)
  4 rats
48 creatures vanquished.

Vanquished Creatures (others)
  7 foxfires (D:1)
  A withered plant (D:2)
8 creatures vanquished.

Grand Total: 56 creatures vanquished

Notes
Turn   | Place    | Note
-------+----------+-------------------------------------------
     0 | D:1      | zdcfc the Ogre Cinder Acolyte began the quest for the Orb.
     0 | D:1      | Reached XP level 1. HP: 24/24 MP: 2/2
   159 | D:1      | Reached XP level 2. HP: 32/33 MP: 3/3
   398 | D:1      | Reached XP level 3. HP: 40/40 MP: 4/4
   704 | D:2      | HP: 2/41 [ball python skeleton (2)]
   920 | D:2      | Reached skill level 5 in Fighting
   953 | D:2      | Found Asteeg's Magic Scroll Shop.
  1046 | D:2      | Found a faded altar of an unknown god.
  1147 | D:2      | Reached XP level 4. HP: 50/50 MP: 5/5
  1234 | D:2      | Reached skill level 1 in Dodging
  1446 | D:3      | Noticed a scorpion
  1460 | D:3      | Killed a scorpion
  1461 | D:3      | Reached XP level 5. HP: 4/57 MP: 6/6
  1461 | D:3      | HP: 1/57 [poisoned by a scorpion]
  1484 | D:3      | HP: 2/57 [poisoned by an adder]
  1486 | D:3      | Succumbed to an adder's poison

Illustrated notes

Levels and vault maps discovered:
D:1:      spicycebolla_arrival_risky_transporter, layout_basic,
          minmay_split_cup_large
D:2:      layout_loops_ring, serial_undead, serial_undead_f, serial_undead_a,
          serial_undead_d, serial_undead_f, dreamdust_ecumenical_altar_statues,
          serial_shops, shop
D:3:      layout_basic, uniq_terence

Skill      XL: |  1  2  3  4 |
---------------+-------------+-----
Fire Magic     | 3 |  3.1
Fighting       | 5 |  5.4
Dodging        | 1 |  1.8
Polearms       | |  3.8
Stealth        | |  0.2
Spellcasting   | |  1.2

Action                     |  1- 3 |  4- 6 || total
---------------------------+-------+-------++-------
  Melee: Spear             |   143 |    31 ||   174
         Punch             |     1 |       ||     1
 Invoke: Foxfire Swarm     |     1 |       ||     1
    Use: Potion            |       |     3 ||     3
         Scroll            |       |     1 ||     1
 Armour: Robe              |    80 |     8 ||    88
  Dodge: Dodged            |    74 |    14 ||    88

Table legend: (Time is in decaauts)
 A = Elapsed time spent in this place.
 B = Non-inter-level travel time spent in this place.
 C = Inter-level travel time spent in this place.
 D = Time resting spent in this place.
 E = Time spent auto-exploring this place.
 F = Levels seen in this place.
 G = Mean time per level.
                   A        B        C        D        E       F      G
               +--------+--------+--------+--------+--------+-----+--------+
         Total |   1475 |   1440 |     35 |    245 |    722 |   3 |  491.7 |
       Dungeon |   1475 |   1440 |     35 |    245 |    722 |   3 |  491.7 |
               +--------+--------+--------+--------+--------+-----+--------+

Top non-repeatable levels by time:
     D:1: 769 daAuts
     D:2: 655 daAuts
     D:3: 51 daAuts
